AoeStats
← ;

Arabia

510633183Analyzed
1v1 RM · 1d ago on Oct 1, 2026· 50m 51s· 2 players
Game mode
Random Map
Map size
Tiny (2 player)
Population
200
Speed
Normal
Resources
Standard
Victory
Conquest
Starting age
Dark Age
Ending age
Imperial Age
RankedLock teamsTeams togetherTeam positionsShared explorationLock speedFull tech treeHidden civsTurbo modeCheats
Victory
Defeat
🇩🇪 Magyars · Germany
1050
+16
🇦🇷 Bulgarians · Argentina
1044
-16
Rodrigoo
7:29 Loom
9:40 Feudal Age
12:53 Double-Bit Axe
14:50 Wheelbarrow
18:59 Castle Age
17:00 Horse Collar
17:12 Gold Mining
17:42 Forging
17:44 Scale Mail Armor
18:09 Stone Mining
19:21 Scale Barding Armor
22:39 Chain Barding Armor
22:29 Town Watch
26:51 Heavy Plow
29:46 Bow Saw
30:45 Husbandry
36:50 Iron Casting
37:25 Gold Shaft Mining
43:18 Imperial Age
41:54 Stirrups
43:06 Chain Mail Armor
42:43 Fletching
43:42 Bloodlines
44:55 Elite Konnik
46:52 Plate Barding Armor
48:47 Blast Furnace
;
6:20 Loom
9:17 Feudal Age
10:26 Double-Bit Axe
17:00 Wheelbarrow
20:07 Castle Age
18:19 Gold Mining
18:48 Horse Collar
19:08 Fletching
20:29 Bloodlines
20:49 Bodkin Arrow
21:07 Bow Saw
22:14 Scale Barding Armor
22:18 Husbandry
22:58 Heavy Plow
27:53 Scale Barding Armor
27:50 Padded Archer Armor
31:42 Ballistics
34:44 Imperial Age
34:37 Stone Mining
36:42 Chemistry
36:02 Leather Archer Armor
35:50 Bracer
37:02 Chain Barding Armor
36:04 Light Cavalry
36:52 Heavy Plow
37:51 Parthian Tactics
36:52 Heavy Cavalry Archer
37:40 Thumb Ring
40:26 Parthian Tactics
41:40 Masonry
42:47 Crop Rotation
42:45 Hussar
44:04 Plate Barding Armor
45:23 Conscription
45:42 Scale Mail Armor
45:59 Leather Archer Armor
47:38 Recurve Bow
47:41 Corvinian Army
Connection lost

Rejoining the realm…

Still unreachable

The connection could not be restored.

Session expired

The server has moved on; the page needs a fresh start.